 Dungeon Crawl Stone Soup version 0.30-a0-174-gbc10bd73c2 (webtiles) character file.

Game seed: 2547409229460038085

107552 qw the Severer (level 16, -3/101 HPs)
             Began as a Gargoyle Fighter on Oct 1, 2022.
             Was a High Priest of Okawaru.
             Killed by divine providence
             ... invoked by an orc high priest
              (13 damage)
             ... on level 2 of the Orcish Mines.
             The game lasted 00:10:53 (23085 turns).

qw the Severer (Gargoyle Fighter)                  Turns: 23085, Time: 00:10:53

Health: -3/101     AC: 42    Str: 33    XL:     16   Next: 47%
Magic:  17/23      EV: 14    Int:  9    God:    Okawaru [*****.]
Gold:   1790       SH: 25    Dex:  9    Spells: 15/15 levels left

rFire   + . .      SeeInvis .    L - +1 broad axe (flame)
rCold   + . .      Faith    .    K - +0 tower shield
rNeg    + . .      Spirit   .    t - +0 plate armour
rPois   inf        Reflect  +    f - +2 helmet
rElec   +          Harm     .    F - scarf {rC+ rF+}
rCorr   .          Rampage  +    u - +1 pair of gloves of Sophism {Str+5}
Will    +....                    l - +1 pair of boots
Stlth   ..........               G - amulet of Lilacs {Reflect Rampage SH+5}
HPRegen 0.36/turn                p - +4 ring of evasion
MPRegen 0.18/turn                y - +4 ring of protection

@: heroic, finesse-ful, flying
A: sickness immunity, AC +12, big wings, negative energy resistance 1,
electricity resistance, torment resistance 1, petrification resistance
a: Renounce Religion, Heroism, Finesse, Duel


You were on level 2 of the Orcish Mines.
You worshipped Okawaru.
Okawaru was extremely pleased with you.
You visited 4 branches of the dungeon, and saw 23 of its levels.
You visited the Abyss 1 time.
You visited 1 bazaar.
You also visited: Gauntlet.

You collected 2665 gold pieces.
You spent 875 gold pieces at shops.


Innate Abilities, Weirdness & Mutations

You are immune to sickness and miasma.
Your stone body is resilient. (AC +12)
You are immune to poison.
Your large and strong wings let you fly.
You resist negative energy. (rN+)
You are resistant to electric shocks. (rElec)
You are resistant to unholy torment.
You are immune to petrification.


   Skills:
 - Level 12.1(17.1) Fighting
 - Level 16.4(21.4) Axes
 - Level 7.2(12.2) Throwing
 - Level 11.0(16.0) Armour
 - Level 3.0(8.0) Dodging
 + Level 15.5(20.5) Shields
 - Level 10.0 Invocations


You had 15 spell levels left.
You didn't know any spells.
Your spell library was empty.

Inventory:

Hand Weapons
 L - a +1 broad axe of flaming (weapon)
Missiles
 w - 11 boomerangs (quivered)
Armour
 c - a +2 scale mail of fire resistance
 f - a +2 helmet (worn)
 l - a +1 pair of boots (worn)
 m - the +1 scale mail "Dumum" {-Cast rC+ Regen+}
   (You found it on level 5 of the Lair of Beasts)

   rC:        It protects you from cold.
   -Cast:     It prevents spellcasting.
   Regen:     It increases your rate of health regeneration.
 t - a +0 plate armour (worn)
 u - the +1 pair of gloves of Sophism (worn) {Str+5}
   (You found it on level 6 of the Dungeon)

   Str:       It affects your strength (+5).
 F - a scarf of resistance (worn)
 J - a +2 cloak of preservation
 K - a +0 tower shield (worn)
Jewellery
 o - a ring of protection from cold
 p - a +4 ring of evasion (left hand)
 x - a ring of fire
 y - a +4 ring of protection (right hand)
 z - the amulet of Makkodwa {Spirit rF+ Regen+ rCorr Int-4}
   (You bought it in a shop in a bazaar)

   [amulet of guardian spirit]

   It causes incoming damage to be divided between your reserves of health and
   magic.
   Int:       It affects your intelligence (-4).
   rF:        It protects you from fire.
   Regen:     It increases your rate of health regeneration.
   rCorr:     It protects you from acid and corrosion.
 E - a ring of protection from cold
 G - the amulet of Lilacs (around neck) {Reflect Rampage SH+5}
   (You acquired it on level 12 of the Dungeon)

   [amulet of reflection]

   It reflects blocked missile attacks.
   SH:        It affects your SH (+5).
   Rampage:   It bestows one free step when moving towards enemies.
Scrolls
 b - 5 scrolls of teleportation
 k - 18 scrolls of identify
Potions
 a - 4 potions of lignification
 d - 4 potions of might
 g - 10 potions of curing
 h - 4 potions of heal wounds
 i - 3 potions of resistance
 j - a potion of mutation
 n - 2 potions of cancellation
 q - 4 potions of attraction
 s - 5 potions of haste
 v - 2 potions of magic

Dungeon Overview and Level Annotations

Branches:
Dungeon (15/15)            Temple (1/1) D:7            Lair (5/5) D:10
  Swamp (0/4) Lair:2        Snake (0/4) Lair:3        Slime (0/5) Lair:5
    Orc (2/2) D:10            Elf (0/3) Orc:2        Vaults (0/5) D:14
 Depths (0/4) D:15        Gauntlet (visited)

Altars:
Ashenzari
Cheibriados
Dithmenos
Elyvilon
Fedhas
Gozag
Hepliaklqana
Kikubaaqudgha
Makhleb
Nemelex Xobeh
Okawaru
Qazlal
Ru
Sif Muna
Trog
Uskayaw
Vehumet
Wu Jian
Xom
Yredelemnul
Zin
The Shining One
Jiyva
Lugonu

Shops:
D:1 !   D:2 *[*   D:6 (   Orc:1 [

Portals:
Abyss: Lair:5
Trove: D:14 (give horn of Geryon)

Annotations:
D:6 1 runed translucent door, Crazy Yiuf
Lair:2 3 runed translucent doors, Zoobame's ghost, journeyman DEHW
Lair:4 3 runed translucent doors, qw's ghost, journeyman GrFi


Message History

You hit the sun demon.
An orc priest comes into view. It is wielding a +0 club.
An orc knight comes into view. It is wielding a +0 war axe.
An orc wizard comes into view. It is wielding a +0 dagger.
The orc high priest invokes the aid of Beogh against you.
Beogh smites you!
The orc priest invokes the aid of Beogh against you.
Beogh smites you! You block the sun demon's attack.
The orc wizard shouts!
The orc priest shouts!
You hear a shout!
An orc sorcerer comes into view. It is wielding a +0 dagger.
You slash the sun demon!
The sun demon is moderately wounded.
You slash the orc warrior! You burn the orc warrior.
You closely miss the orc warrior. You hit the orc. You burn the orc.
You kill the orc!
You hit the orc. You burn the orc.
You hear a shout! x2
You slice the sun demon!!
The sun demon is severely wounded.
You closely miss the orc. You slice the orc warrior!! You burn the orc warrior.
You kill the orc warrior!
Okawaru accepts your kill.
You slash the orc warrior! You burn the orc warrior.
You feel like a meek peon again.
23085 ||| INVOKING Heroism.
You gain the combat prowess of a mighty hero.
The sun demon hits you!
You are engulfed in flames!
You resist. You block the orc's attack.
An orc priest comes into view. It is wielding a +0 dagger.
An orc wizard comes into view. It is wielding a +0 dagger.
The orc wizard gestures wildly while chanting.
The orc wizard flickers and vanishes!
Deactivating autopickup; reactivate with Ctrl-A.
An orc knight comes into view. It is wielding a +0 great mace.
The orc sorcerer mumbles some strange words.
The orc priest invokes the aid of Beogh against you.
Beogh smites you!
The orc high priest invokes the aid of Beogh against you.
Beogh smites you!
You die...

...<..## .......## ...#
........## ########...#
.........## #.#.........
......###.###.#......o..
..................o.o...
.................oooo.o.
...#..#.#.......)3o.3.oo
...#...........)@ooo4ooo
..###.#....)).)(oo.oo.oo
..# ####..))#)#))ooo...o
### ###.##.#....oo{.3
..## ###########...#
...# ...# )..### ..#
.....# .. .....###


You could see an orc warlord, 3 orc knights, 3 orc high priests, a sun demon
(summoned), an ice devil (summoned), a smoke demon (summoned), a ynoxinul
(summoned), 2 orc sorcerers, 4 orc warriors, 7 orc priests, 4 orc wizards and 5
orcs.

Vanquished Creatures
  A tentacled monstrosity (Abyss:2)
  Jorgrun (D:13)
  Frances (D:14)
  An Executioner (Abyss:2)
  2 tentacled starspawn (Abyss:2)
  Kirke (D:15)
  A minotaur (Gauntlet)
  Josephine (D:13)
  2 vault guards (D:14)
  5 hydras
  Fannar (D:11)
  A catoblepas (D:15)
  5 two-headed ogres
  4 boulder beetles
  3 centaur warriors
  2 thrashing horrors (Lair:5)
  12 death yaks
  Nergalle (D:12)
  A fire crab (shapeshifter) (Lair:5)
  4 wretched stars (Abyss:2)
  A wizard (D:14)
  2 necromancers
  2 orc knights
  A deep elf zephyrmancer (D:15)
  23 ugly things
  4 deep elf pyromancers
  A wolf spider (D:15)
  5 cyclopes
  A manticore (D:14)
  2 worldbinders (Abyss:2)
  A black mamba (Lair:3)
  2 centaur zombies (D:15)
  A naga mage (D:15)
  A guardian serpent (shapeshifter) (Lair:5)
  3 elephants (Lair:1)
  Joseph (D:9)
  A black mamba (shapeshifter) (Lair:5)
  An ice statue (D:14)
  2 smoke demons (Abyss:2)
  2 rust devils (Abyss:2)
  A centaur skeleton (D:15)
  An orange demon (Abyss:2)
  Psyche (D:9)
  A redback zombie (D:15)
  3 freezing wraiths
  7 cane toads
  An unseen horror (D:10)
  A kobold demonologist (D:10)
  A rime drake (Lair:3)
  9 komodo dragons
  A yaktaur (shapeshifter) (D:13)
  4 ancient zymes
  A hellwing (Abyss:2)
  2 polar bears
  4 trolls
  A troll (shapeshifter) (D:14)
  A raiju (Gauntlet)
  35 blink frogs
  18 slime creatures
  Prince Ribbit (D:6)
  2 centaur simulacra (Gauntlet)
  3 water elementals (D:14)
  6 wyverns
  4 shadows (Gauntlet)
  5 ynoxinuls
  46 yaks
  6 wraiths
  2 hogs (D:15)
  21 humans
  11 large abominations
  4 basilisks
  12 small abominations
  Eustachio (D:6)
  2 vampire mosquitoes (D:14)
  2 chaos spawn
  2 steam dragons
  2 acid dragons
  10 water moccasins
  24 orc warriors
  3 ice beasts
  A sky beast (D:7)
  A black bear (shapeshifter) (D:15)
  2 meliai simulacra
  3 black bears
  An ice dragon simulacrum (Gauntlet)
  8 ogres
  46 wolves
  9 centaurs
  2 kobold brigands
  Blork the orc (D:6)
  A gnoll sergeant (D:9)
  6 scorpions
  13 bullfrogs
  2 necrophages (D:5)
  A hornet simulacrum (Gauntlet)
  22 killer bees
  3 jellies
  A howler monkey (D:6)
  3 electric eels
  A quasit (Abyss:2)
  5 hounds
  12 orc priests
  5 gnoll boudas
  6 iguanas
  26 orc wizards
  6 hell rats (Lair:1)
  26 gnolls
  8 adders
  A white imp (D:7)
  4 worms
  A dart slug (D:4)
  71 orcs
  2 ball pythons
  4 endoplasms
  3 giant cockroaches
  6 goblins
  7 hobgoblins
  7 jackals (D:4)
  10 kobolds
  3 quokkas
  5 bats
  2 frilled lizards
  2 rats
  A lurking horror (Abyss:2)
  A starspawn tentacle (Abyss:2)
720 creatures vanquished.

Vanquished Creatures (others)
  Sonja (D:12)
  An electric eel (D:14)
  47 fungi
  54 plants
  6 starspawn tentacles (Abyss:2)
  A withered plant (Gauntlet)
110 creatures vanquished.

Grand Total: 830 creatures vanquished

Notes
Turn   | Place    | Note
-------+----------+-------------------------------------------
     0 | D:1      | qw the Gargoyle Fighter began the quest for the Orb.
     0 | D:1      | Reached XP level 1. HP: 14/14 MP: 1/1
     0 | D:1      | 0 ||| qw: Version: 0.2-a-13-gfc7b4b4
     0 | D:1      | 0 ||| qw: Game counter: 1903
     0 | D:1      | 0 ||| qw: Always use a shield: true
     0 | D:1      | 0 ||| qw: God list: Okawaru
     0 | D:1      | 0 ||| qw: Allow faded altars: false
     0 | D:1      | 0 ||| qw: Do Orc after D:15 true
     0 | D:1      | 0 ||| qw: Do second Lair branch before Depths: true
     0 | D:1      | 0 ||| qw: Lair rune preference: random
     0 | D:1      | 0 ||| qw: Plans: Normal, Zot:1-4, God:TSO, Crypt, Tomb,
                  | Pan, Slime:5, Hells, Abyss, Orb
     0 | D:1      | 0 ||| PLANNING D:1-11
    43 | D:1      | Reached skill level 2 in Axes
    89 | D:1      | Found Waoss's Distillery.
   104 | D:1      | 104 ||| SHOPLISTING potion of curing (39 gold, have 8).
   104 | D:1      | 104 ||| SHOPLISTING potion of haste (130 gold, have 8).
   104 | D:1      | 104 ||| SHOPLISTING potion of heal wounds (65 gold, have
                  | 8).
   104 | D:1      | 104 ||| SHOPLISTING potion of lignification (39 gold, have
                  | 8).
   104 | D:1      | 104 ||| SHOPLISTING potion of mutation (104 gold, have 8).
   206 | D:1      | Reached XP level 2. HP: 19/19 MP: 2/2
   525 | D:1      | 525 ||| READING scroll labelled GUOTHI LUBEOBU.
   526 | D:1      | 526 ||| DRINKING 2 bubbling cyan potions.
   611 | D:2      | Found a faded altar of an unknown god.
   651 | D:2      | Reached skill level 3 in Axes
   701 | D:2      | Reached XP level 3. HP: 23/23 MP: 3/3
   856 | D:2      | Identified the +10 sling of Exez {venom, rC+}
   967 | D:2      | Found Puistum's Assorted Antiques.
   974 | D:2      | 974 ||| BUYING inky potion (24 gold).
   974 | D:2      | Bought an inky potion for 24 gold pieces
   974 | D:2      | 974 ||| SHOPLISTING pair of fading boots (256 gold, have
                  | 63).
   974 | D:2      | 974 ||| SHOPLISTING peridot ring (135 gold, have 63).
   974 | D:2      | 974 ||| BUYING scroll labelled GOPAIT QUCI (27 gold).
   974 | D:2      | Bought a scroll labelled GOPAIT QUCI for 27 gold pieces
   974 | D:2      | 974 ||| BUYING scroll labelled IRUMAW VINLOUS (27 gold).
   974 | D:2      | Bought a scroll labelled IRUMAW VINLOUS for 27 gold pieces
   979 | D:2      | Found Qonurch's Antique Armour Shop.
   982 | D:2      | 982 ||| SHOPLISTING pair of gloves (94 gold, have 9).
   982 | D:2      | 982 ||| SHOPLISTING runed chain mail (157 gold, have 9).
   982 | D:2      | 982 ||| SHOPLISTING runed ring mail (147 gold, have 9).
   982 | D:2      | 982 ||| SHOPLISTING transparent scale mail (189 gold, have
                  | 9).
  1096 | D:2      | Found Porochia's General Store.
  1102 | D:2      | 1102 ||| BUYING scroll of identify (26 gold).
  1102 | D:2      | Bought a scroll of identify for 26 gold pieces
  1280 | D:2      | 1280 ||| READING scroll labelled IGUNEHOF WAUMN.
  1281 | D:2      | 1281 ||| READING 2 scrolls labelled GOPAIT QUCI.
  1282 | D:2      | 1282 ||| READING scroll labelled IRUMAW VINLOUS.
  1298 | D:2      | 1298 ||| READING scroll labelled DIMUUF MUHUYFO.
  1299 | D:2      | 1299 ||| DRINKING 2 inky potions.
  1300 | D:2      | 1300 ||| DRINKING 3 fizzy dark potions.
  1301 | D:2      | 1301 ||| READING 3 scrolls of identify.
  1301 | D:2      | 1301 ||| IDENTIFYING brown potion
  1302 | D:2      | 1302 ||| READING 2 scrolls of identify.
  1302 | D:2      | 1302 ||| IDENTIFYING gluggy clear potion
  1303 | D:2      | 1303 ||| DROPPING potion of degeneration.
  1304 | D:2      | 1304 ||| DROPPING potion of magic.
  1305 | D:2      | 1305 ||| DROPPING scroll of amnesia.
  1477 | D:3      | 1477 ||| Stepping ~*~*~tactically~*~*~ (stealth).
  1480 | D:3      | 1480 ||| Stepping ~*~*~tactically~*~*~ (stealth).
  1494 | D:3      | 1494 ||| SWAPPING to +0 war axe of draining.
  1501 | D:3      | 1501 ||| DROPPING +0 war axe.
  1502 | D:3      | Found a snail-covered altar of Cheibriados.
  1514 | D:3      | 1514 ||| Stepping ~*~*~tactically~*~*~ (hiding).
  1516 | D:3      | 1516 ||| Stepping ~*~*~tactically~*~*~ (hiding).
  1517 | D:3      | 1517 ||| Stepping ~*~*~tactically~*~*~ (hiding).
  1519 | D:3      | 1519 ||| Stepping ~*~*~tactically~*~*~ (hiding).
  1521 | D:3      | 1521 ||| Stepping ~*~*~tactically~*~*~ (hiding).
  1523 | D:3      | 1523 ||| Stepping ~*~*~tactically~*~*~ (hiding).
  1525 | D:3      | 1525 ||| Stepping ~*~*~tactically~*~*~ (hiding).
  1527 | D:3      | 1527 ||| Stepping ~*~*~tactically~*~*~ (hiding).
  1540 | D:3      | Reached XP level 4. HP: 28/28 MP: 4/4
  1847 | D:3      | Reached skill level 4 in Axes
  1915 | D:3      | 1915 ||| DROPPING +2 leather armour of cold resistance.
  1916 | D:3      | 1916 ||| UPGRADING to +0 plate armour.
  1926 | D:3      | 1926 ||| DROPPING +0 scale mail.
  1927 | D:3      | 1927 ||| UPGRADING to ring of positive energy.
  1928 | D:3      | 1928 ||| READING scroll labelled OSTENEXI QAZEO.
  1929 | D:3      | 1929 ||| READING scroll labelled YSAPU RELAA.
  1930 | D:3      | 1930 ||| READING scroll labelled LARUHEU NUSOMO.
  1933 | D:3      | 1933 ||| READING 2 scrolls of identify.
  1933 | D:3      | 1933 ||| IDENTIFYING puce potion
  1934 | D:3      | 1934 ||| DROPPING potion of flight.
  1984 | D:4      | Found a white marble altar of Elyvilon.
  2009 | D:4      | Found a stormy altar of Qazlal.
  2143 | D:4      | Reached skill level 1 in Throwing
  2147 | D:4      | HP: 5/28 [iguana (10)]
  2148 | D:4      | 2148 ||| READING 2 scrolls of teleportation.
  2149 | D:4      | 2149 ||| DRINKING 2 potions of heal wounds.
  2188 | D:4      | Reached XP level 5. HP: 32/32 MP: 5/5
  2198 | D:4      | Identified the +1 robe of Xied {Rampage Will+}
  2314 | D:4      | 2314 ||| Stepping ~*~*~tactically~*~*~ (stealth).
  2317 | D:4      | 2317 ||| Stepping ~*~*~tactically~*~*~ (stealth).
  2320 | D:4      | 2320 ||| Stepping ~*~*~tactically~*~*~ (stealth).
  2331 | D:4      | 2331 ||| Stepping ~*~*~tactically~*~*~ (stealth).
  2332 | D:4      | 2332 ||| Stepping ~*~*~tactically~*~*~ (stealth).
  2910 | D:4      | Reached skill level 5 in Axes
  2910 | D:4      | Reached XP level 6. HP: 37/37 MP: 6/6
  2916 | D:4      | 2916 ||| DROPPING +0 whip.
  3076 | D:4      | 3076 ||| UPGRADING to +0 helmet.
  3081 | D:4      | 3081 ||| DROPPING +6 ring of intelligence.
  3082 | D:4      | 3082 ||| READING scroll labelled QESMIKYIQO.
  3082 | D:4      | Identified a scroll of acquirement
  3082 | D:4      | 3082 ||| ACQUIRING ring of protection from cold
  3082 | D:4      | Acquired a ring of protection from cold
  3084 | D:4      | 3084 ||| UPGRADING to ring of protection from cold.
  3085 | D:4      | 3085 ||| READING scroll labelled TENGIBR NOAN.
  3086 | D:4      | 3086 ||| READING 2 scrolls of identify.
  3086 | D:4      | 3086 ||| IDENTIFYING pink potion
  3153 | D:5      | Entered Level 5 of the Dungeon
  3268 | D:5      | 3268 ||| Stepping ~*~*~tactically~*~*~ (stealth).
  3281 | D:5      | Noticed an ice beast
  3290 | D:5      | Killed an ice beast
  3403 | D:5      | Reached XP level 7. HP: 39/44 MP: 7/7
  3572 | D:5      | Reached skill level 6 in Axes
  3831 | D:5      | 3831 ||| FLEEEEING.
  3897 | D:5      | 3897 ||| DROPPING +1 whip of freezing.
  4089 | D:5      | 4089 ||| UPGRADING to +0 pair of boots.
  4094 | D:5      | 4094 ||| DROPPING amulet of faith.
  4095 | D:5      | 4095 ||| UPGRADING to +4 ring of evasion.
  4097 | D:5      | 4097 ||| READING scroll labelled HILATHR RUQIFRO.
  4209 | D:6      | Found a runed translucent door.
  4210 | D:6      | Noticed Crazy Yiuf
  4269 | D:6      | Noticed Blork the orc
  4270 | D:6      | 4270 ||| Stepping ~*~*~tactically~*~*~ (hiding).
  4271 | D:6      | 4271 ||| Stepping ~*~*~tactically~*~*~ (hiding).
  4281 | D:6      | Killed Blork the orc
  4282 | D:6      | Reached skill level 7 in Axes
  4282 | D:6      | Reached XP level 8. HP: 48/48 MP: 8/8
  4320 | D:6      | 4320 ||| Stepping ~*~*~tactically~*~*~ (stealth).
  4321 | D:6      | 4321 ||| Stepping ~*~*~tactically~*~*~ (stealth).
  4323 | D:6      | 4323 ||| Stepping ~*~*~tactically~*~*~ (stealth).
  4333 | D:6      | Reached skill level 1 in Dodging
  4456 | D:6      | Found a glowing golden altar of the Shining One.
  4459 | D:6      | Noticed Prince Ribbit
  4467 | D:6      | Killed Prince Ribbit
  4666 | D:6      | Identified the +4 whip of Lasoajei {speed, Str+2}
  4668 | D:6      | 4668 ||| DROPPING +0 flail.
  4708 | D:6      | Reached skill level 8 in Axes
  4722 | D:6      | 4722 ||| DROPPING +4 whip of holy wrath.
  4755 | D:6      | Found Qischaski's Weapon Shop.
  4773 | D:6      | Noticed Eustachio
  4774 | D:6      | 4774 ||| Stepping ~*~*~tactically~*~*~ (stealth).
  4825 | D:6      | 4825 ||| Stepping ~*~*~tactically~*~*~ (stealth).
  4848 | D:6      | Killed Eustachio
  4911 | D:6      | 4911 ||| Stepping ~*~*~tactically~*~*~ (stealth).
  4918 | D:6      | Reached XP level 9. HP: 55/55 MP: 9/9
  4925 | D:6      | 4925 ||| SHOPLISTING +4 war axe "Icaos" {chaos, Contam rC-
                  | rN+++ Dex+8} (760 gold, have 247).
  5023 | D:6      | Reached skill level 6 in Fighting
  5166 | D:6      | Identified the +1 pair of gloves of Sophism {Str+5}
  5289 | D:6      | 5289 ||| UPGRADING to +1 pair of gloves of Sophism {Str+5}.
  5294 | D:6      | 5294 ||| DRINKING 2 bubbling purple potions.
  5295 | D:6      | 5295 ||| READING 3 scrolls of identify.
  5295 | D:6      | 5295 ||| IDENTIFYING red potion
  5296 | D:6      | 5296 ||| READING 2 scrolls of identify.
  5296 | D:6      | 5296 ||| IDENTIFYING smoky clear potion
  5297 | D:6      | 5297 ||| DROPPING potion of ambrosia.
  5462 | D:7      | 5462 ||| FLEEEEING.
  5466 | D:7      | 5466 ||| Stepping ~*~*~tactically~*~*~ (stealth).
  5536 | D:7      | Found a staircase to the Ecumenical Temple.
  5537 | D:7      | 5537 ||| PLANNING TEMPLE
  5537 | D:7      | 5537 ||| Stepping ~*~*~tactically~*~*~ (hiding).
  5538 | D:7      | 5538 ||| Stepping ~*~*~tactically~*~*~ (hiding).
  5547 | D:7      | Reached skill level 9 in Axes
  5549 | D:7      | 5549 ||| Stepping ~*~*~tactically~*~*~ (hiding).
  5576 | Temple   | Entered the Ecumenical Temple
  5577 | Temple   | 5577 ||| PLANNING OKAWARU WORSHIP
  5729 | Temple   | 5729 ||| READING 2 scrolls of identify.
  5729 | Temple   | 5729 ||| IDENTIFYING fizzy green potion
  5746 | Temple   | Became a worshipper of Warmaster Okawaru
  5747 | Temple   | 5747 ||| PLANNING D:1-11
  5779 | D:7      | 5779 ||| READING scroll of enchant armour.
  5779 | D:7      | 5779 ||| ENCHANTING +0 helmet.
  5805 | D:7      | 5805 ||| Stepping ~*~*~tactically~*~*~ (hiding).
  5808 | D:7      | 5808 ||| Stepping ~*~*~tactically~*~*~ (hiding).
  5809 | D:7      | 5809 ||| Stepping ~*~*~tactically~*~*~ (hiding).
  5817 | D:7      | Reached skill level 6 in Armour
  5821 | D:7      | 5821 ||| Stepping ~*~*~tactically~*~*~ (stealth).
  6444 | D:8      | 6444 ||| Stepping ~*~*~tactically~*~*~ (hiding).
  6445 | D:8      | 6445 ||| Stepping ~*~*~tactically~*~*~ (hiding).
  6615 | D:8      | 6615 ||| Stepping ~*~*~tactically~*~*~ (hiding).
  6907 | D:8      | Found a bloodstained altar of Trog.
  7132 | D:9      | Reached * piety under Okawaru
  7153 | D:9      | 7153 ||| Stepping ~*~*~tactically~*~*~ (stealth).
  7154 | D:9      | 7154 ||| INVOKING Heroism.
  7157 | D:9      | Reached skill level 1 in Invocations
  7163 | D:9      | Reached XP level 10. HP: 63/63 MP: 7/11
  7166 | D:9      | 7166 ||| INVOKING Heroism.
  7174 | D:9      | Reached skill level 10 in Axes
  7174 | D:9      | Reached skill level 3 in Invocations
  7177 | D:9      | Reached ** piety under Okawaru
  7326 | D:9      | Noticed a two-headed ogre
  7327 | D:9      | 7327 ||| INVOKING Heroism.
  7335 | D:9      | Killed a two-headed ogre
  7401 | D:9      | 7401 ||| INVOKING Heroism.
  7436 | D:9      | Noticed Joseph
  7437 | D:9      | 7437 ||| Stepping ~*~*~tactically~*~*~ (hiding).
  7453 | D:9      | Killed Joseph
  7453 | D:9      | Reached *** piety under Okawaru
  7498 | D:9      | Noticed Psyche
  7499 | D:9      | 7499 ||| INVOKING Heroism.
  7510 | D:9      | Killed Psyche
  7511 | D:9      | Reached skill level 3 in Throwing
  7721 | D:9      | 7721 ||| Stepping ~*~*~tactically~*~*~ (hiding).
  7726 | D:9      | 7726 ||| INVOKING Heroism.
  7728 | D:9      | 7728 ||| Stepping ~*~*~tactically~*~*~ (hiding).
  7838 | D:9      | 7838 ||| DROPPING ring of flight.
  7855 | D:10     | Entered Level 10 of the Dungeon
  7889 | D:10     | 7889 ||| Stepping ~*~*~tactically~*~*~ (stealth).
  7891 | D:10     | 7891 ||| Stepping ~*~*~tactically~*~*~ (stealth).
  8007 | D:10     | 8007 ||| INVOKING Heroism.
  8099 | D:10     | Killed an unseen horror
  8246 | D:10     | Found a staircase to the Lair.
  8247 | D:10     | 8247 ||| INVOKING Heroism.
  8253 | D:10     | Reached XP level 11. HP: 69/69 MP: 11/14
  8289 | D:10     | Noticed a two-headed ogre
  8290 | D:10     | 8290 ||| INVOKING Heroism.
  8302 | D:10     | Reached **** piety under Okawaru
  8303 | D:10     | Reached skill level 11 in Axes
  8303 | D:10     | Killed a two-headed ogre
  8351 | D:10     | 8351 ||| INVOKING Heroism.
  8390 | D:10     | Found a shadowy altar of Dithmenos.
  8497 | D:10     | Found a staircase to the Orcish Mines.
  8515 | D:10     | 8515 ||| READING 6 scrolls of teleportation.
  8516 | D:10     | 8516 ||| FLEEEEING.
  8517 | D:10     | 8517 ||| FLEEEEING.
  8523 | D:10     | 8523 ||| Stepping ~*~*~tactically~*~*~ (stealth).
  8524 | D:10     | 8524 ||| Stepping ~*~*~tactically~*~*~ (stealth).
  8532 | D:10     | 8532 ||| INVOKING Heroism.
  8649 | D:10     | 8649 ||| INVOKING Heroism.
  8792 | D:10     | 8792 ||| PLANNING LAIR
  8842 | Lair:1   | Entered Level 1 of the Lair of Beasts
  8842 | Lair:1   | You fall into a shaft and drop 1 floor!
  8847 | Lair:2   | Found a staircase to the Swamp.
  8939 | Lair:2   | 8939 ||| INVOKING Heroism.
  8942 | Lair:2   | Reached skill level 9 in Fighting
  9025 | Lair:2   | Found a runed translucent gate.
  9025 | Lair:2   | Found a runed translucent gate.
  9025 | Lair:2   | Found a runed translucent gate.
  9026 | Lair:2   | Noticed Zoobame's ghost (journeyman DEHW)
  9035 | Lair:2   | 9035 ||| INVOKING Heroism.
  9158 | Lair:2   | 9158 ||| INVOKING Heroism.
  9173 | Lair:2   | Reached skill level 6 in Invocations
  9255 | Lair:1   | 9255 ||| INVOKING Heroism.
  9257 | Lair:1   | 9257 ||| Stepping ~*~*~tactically~*~*~ (stealth).
  9328 | Lair:1   | 9328 ||| Stepping ~*~*~tactically~*~*~ (stealth).
  9329 | Lair:1   | 9329 ||| Stepping ~*~*~tactically~*~*~ (stealth).
  9333 | Lair:1   | 9333 ||| Stepping ~*~*~tactically~*~*~ (stealth).
  9334 | Lair:1   | 9334 ||| Stepping ~*~*~tactically~*~*~ (stealth).
  9335 | Lair:1   | 9335 ||| Stepping ~*~*~tactically~*~*~ (stealth).
  9338 | Lair:1   | Reached ***** piety under Okawaru
  9386 | Lair:1   | Noticed a boulder beetle
  9387 | Lair:1   | 9387 ||| INVOKING Heroism.
  9388 | Lair:1   | 9388 ||| INVOKING Finesse.
  9403 | Lair:1   | Killed a boulder beetle
  9541 | Lair:1   | 9541 ||| INVOKING Heroism.
  9545 | Lair:1   | 9545 ||| Stepping ~*~*~tactically~*~*~ (stealth).
  9584 | Lair:1   | Reached skill level 12 in Axes
  9584 | Lair:1   | Reached XP level 12. HP: 71/76 MP: 18/18
  9749 | Lair:1   | 9749 ||| Stepping ~*~*~tactically~*~*~ (stealth).
  9751 | Lair:1   | 9751 ||| INVOKING Heroism.
  9768 | Lair:1   | 9768 ||| Stepping ~*~*~tactically~*~*~ (stealth).
  9798 | Lair:1   | Reached skill level 6 in Shields
  9800 | Lair:1   | Reached skill level 9 in Invocations
  9909 | Lair:1   | Noticed a seven-headed hydra
  9910 | Lair:1   | 9910 ||| INVOKING Heroism.
  9911 | Lair:1   | 9911 ||| INVOKING Finesse.
  9912 | Lair:1   | 9912 ||| SWAPPING to +4 whip of Lasoajei {speed, Str+2}.
  9922 | Lair:1   | Killed a seven-headed hydra
  9923 | Lair:1   | 9923 ||| SWAPPING to +1 war axe of draining.
  9937 | Lair:1   | 9937 ||| Stepping ~*~*~tactically~*~*~ (stealth).
 10269 | Lair:1   | 10269 ||| DROPPING ring of positive energy.
 10270 | Lair:1   | 10270 ||| UPGRADING to +4 ring of protection.
 10272 | Lair:1   | 10272 ||| READING scroll labelled MYRIBBOCUL.
 10294 | Lair:2   | Noticed an eight-headed hydra
 10295 | Lair:2   | 10295 ||| INVOKING Heroism.
 10296 | Lair:2   | 10296 ||| INVOKING Finesse.
 10298 | Lair:2   | 10298 ||| SWAPPING to +4 whip of Lasoajei {speed, Str+2}.
 10305 | Lair:2   | Killed an eight-headed hydra
 10306 | Lair:2   | 10306 ||| SWAPPING to +1 war axe of freezing.
 10309 | Lair:2   | Reached skill level 9 in Armour
 10372 | Lair:2   | Identified the +3 war axe "Cyab" {freeze, Str+6}
 10374 | Lair:2   | 10374 ||| SWAPPING to +3 war axe "Cyab" {freeze, Str+6}.
 10375 | Lair:2   | 10375 ||| DROPPING +1 war axe of freezing.
 10933 | Lair:3   | 10933 ||| INVOKING Heroism.
 10943 | Lair:3   | Identified the +1 robe of Space {-Tele Rampage rElec Will-}
                  | (Okawaru gifted it to you on level 3 of the Lair of Beasts)
 10943 | Lair:3   | Received a gift from Okawaru
 11178 | Lair:3   | 11178 ||| Stepping ~*~*~tactically~*~*~ (stealth).
 11253 | Lair:3   | 11253 ||| Stepping ~*~*~tactically~*~*~ (stealth).
 11255 | Lair:3   | 11255 ||| Stepping ~*~*~tactically~*~*~ (stealth).
 11265 | Lair:3   | Noticed a death yak
 11266 | Lair:3   | 11266 ||| INVOKING Heroism.
 11267 | Lair:3   | 11267 ||| INVOKING Finesse.
 11272 | Lair:3   | Killed a death yak
 11334 | Lair:3   | 11334 ||| Stepping ~*~*~tactically~*~*~ (stealth).
 11335 | Lair:3   | Noticed a death yak
 11336 | Lair:3   | 11336 ||| Stepping ~*~*~tactically~*~*~ (hiding).
 11351 | Lair:3   | 11351 ||| INVOKING Heroism.
 11355 | Lair:3   | Reached skill level 13 in Axes
 11411 | Lair:3   | Reached XP level 13. HP: 77/82 MP: 20/20
 11425 | Lair:3   | 11425 ||| Stepping ~*~*~tactically~*~*~ (stealth).
 11440 | Lair:3   | 11440 ||| Stepping ~*~*~tactically~*~*~ (stealth).
 11457 | Lair:3   | 11457 ||| FLEEEEING.
 11528 | Lair:3   | 11528 ||| INVOKING Heroism.
 11529 | Lair:3   | 11529 ||| INVOKING Finesse.
 11743 | Lair:3   | 11743 ||| Stepping ~*~*~tactically~*~*~ (stealth).
 11748 | Lair:3   | 11748 ||| INVOKING Heroism.
 11761 | Lair:3   | Reached skill level 14 in Axes
 11764 | Lair:3   | Found a staircase to the Snake Pit.
 12175 | Lair:3   | 12175 ||| READING scroll labelled YROIBYJUEG.
 12176 | Lair:3   | 12176 ||| READING scroll labelled KAIXKI URATS.
 12177 | Lair:3   | 12177 ||| READING scroll labelled HOMAUSOVAY.
 12308 | Lair:4   | 12308 ||| Stepping ~*~*~tactically~*~*~ (stealth).
 12309 | Lair:4   | 12309 ||| INVOKING Heroism.
 12312 | Lair:4   | 12312 ||| Stepping ~*~*~tactically~*~*~ (stealth).
 12319 | Lair:4   | Received a gift from Okawaru
 12364 | Lair:4   | 12364 ||| Stepping ~*~*~tactically~*~*~ (stealth).
 12366 | Lair:4   | 12366 ||| INVOKING Heroism.
 12380 | Lair:4   | Found a runed translucent gate.
 12380 | Lair:4   | Found a runed translucent gate.
 12380 | Lair:4   | Found a runed translucent gate.
 12392 | Lair:4   | 12392 ||| READING scroll of enchant armour.
 12392 | Lair:4   | 12392 ||| ENCHANTING +1 helmet.
 12429 | Lair:4   | 12429 ||| INVOKING Heroism.
 12799 | Lair:4   | 12799 ||| INVOKING Heroism.
 12979 | Lair:4   | 12979 ||| INVOKING Heroism.
 12980 | Lair:4   | 12980 ||| INVOKING Finesse.
 12989 | Lair:4   | 12989 ||| Stepping ~*~*~tactically~*~*~ (stealth).
 13000 | Lair:4   | 13000 ||| INVOKING Finesse.
 13225 | Lair:4   | Noticed qw's ghost (journeyman GrFi)
 13335 | Lair:5   | Entered Level 5 of the Lair of Beasts
 13339 | Lair:5   | 13339 ||| INVOKING Heroism.
 13386 | Lair:5   | 13386 ||| Stepping ~*~*~tactically~*~*~ (stealth).
 13390 | Lair:5   | 13390 ||| Stepping ~*~*~tactically~*~*~ (hiding).
 13408 | Lair:5   | Received a gift from Okawaru
 13413 | Lair:5   | 13413 ||| Stepping ~*~*~tactically~*~*~ (stealth).
 13414 | Lair:5   | 13414 ||| Stepping ~*~*~tactically~*~*~ (stealth).
 13485 | Lair:5   | 13485 ||| INVOKING Heroism.
 13532 | Lair:5   | 13532 ||| INVOKING Heroism.
 13533 | Lair:5   | 13533 ||| SWAPPING to +4 whip of Lasoajei {speed, Str+2}.
 13534 | Lair:5   | 13534 ||| INVOKING Finesse.
 13543 | Lair:5   | 13543 ||| SWAPPING to +3 war axe "Cyab" {freeze, Str+6}.
 13592 | Lair:5   | 13592 ||| Stepping ~*~*~tactically~*~*~ (stealth).
 13611 | Lair:5   | 13611 ||| Stepping ~*~*~tactically~*~*~ (stealth).
 13617 | Lair:5   | 13617 ||| INVOKING Heroism.
 13700 | Lair:5   | 13700 ||| Stepping ~*~*~tactically~*~*~ (stealth).
 13701 | Lair:5   | 13701 ||| Stepping ~*~*~tactically~*~*~ (stealth).
 13703 | Lair:5   | 13703 ||| INVOKING Heroism.
 13720 | Lair:5   | HP: 21/84 [blink frog (10)]
 13721 | Lair:5   | 13721 ||| READING 7 scrolls of teleportation.
 13722 | Lair:5   | 13722 ||| DRINKING 3 potions of heal wounds.
 13729 | Lair:5   | 13729 ||| INVOKING Finesse.
 13742 | Lair:5   | 13742 ||| INVOKING Heroism.
 13749 | Lair:5   | 13749 ||| Stepping ~*~*~tactically~*~*~ (stealth).
 13765 | Lair:5   | Identified the +3 ring mail of Modern Lucidity {Rampage
                  | Str+4} (Okawaru gifted it to you on level 5 of the Lair of
                  | Beasts)
 13765 | Lair:5   | Received a gift from Okawaru
 13766 | Lair:5   | Reached skill level 15 in Axes
 13766 | Lair:5   | Gained mutation: Your large and strong wings let you fly.
                  | [Gargoyle growth]
 13766 | Lair:5   | Reached XP level 14. HP: 35/90 MP: 15/21
 13772 | Lair:5   | HP: 8/90 [death yak (16)]
 13773 | Lair:5   | 13773 ||| READING 6 scrolls of teleportation.
 13774 | Lair:5   | 13774 ||| DRINKING 2 potions of heal wounds.
 13775 | Lair:5   | 13775 ||| SWAPPING to +4 whip of Lasoajei {speed, Str+2}.
 13779 | Lair:5   | 13779 ||| SWAPPING to +3 war axe "Cyab" {freeze, Str+6}.
 13799 | Lair:5   | 13799 ||| FLEEEEING.
 13800 | Lair:5   | 13800 ||| FLEEEEING.
 13801 | Lair:5   | 13801 ||| FLEEEEING.
 13802 | Lair:5   | 13802 ||| FLEEEEING.
 13803 | Lair:5   | 13803 ||| FLEEEEING.
 13804 | Lair:5   | 13804 ||| FLEEEEING.
 13805 | Lair:5   | 13805 ||| FLEEEEING.
 13806 | Lair:5   | 13806 ||| FLEEEEING.
 13809 | Lair:5   | 13809 ||| STAIRDANCE
 14055 | Lair:5   | Reached skill level 3 in Dodging
 14069 | Lair:5   | Identified the +1 scale mail "Dumum" {-Cast rC+ Regen+}
 14098 | Lair:5   | 14098 ||| Stepping ~*~*~tactically~*~*~ (stealth).
 14099 | Lair:5   | 14099 ||| Stepping ~*~*~tactically~*~*~ (stealth).
 14103 | Lair:5   | 14103 ||| Stepping ~*~*~tactically~*~*~ (stealth).
 14143 | Lair:5   | 14143 ||| INVOKING Heroism.
 14180 | Lair:5   | 14180 ||| Stepping ~*~*~tactically~*~*~ (hiding).
 14205 | Lair:5   | 14205 ||| Stepping ~*~*~tactically~*~*~ (stealth).
 14250 | Lair:5   | 14250 ||| FLEEEEING.
 14251 | Lair:5   | 14251 ||| FLEEEEING.
 14252 | Lair:5   | 14252 ||| FLEEEEING.
 14256 | Lair:5   | 14256 ||| FLEEEEING.
 14257 | Lair:5   | 14257 ||| FLEEEEING.
 14258 | Lair:5   | 14258 ||| FLEEEEING.
 14259 | Lair:5   | 14259 ||| FLEEEEING.
 14260 | Lair:5   | 14260 ||| FLEEEEING.
 14262 | Lair:5   | 14262 ||| FLEEEEING.
 14263 | Lair:5   | 14263 ||| FLEEEEING.
 14264 | Lair:5   | 14264 ||| FLEEEEING.
 14359 | Lair:5   | Found a corrupted altar of Lugonu.
 14359 | Lair:5   | Found a one-way gate to the infinite horrors of the Abyss.
 14471 | Lair:5   | 14471 ||| INVOKING Heroism.
 14472 | Lair:5   | 14472 ||| INVOKING Finesse.
 14474 | Lair:5   | 14474 ||| SWAPPING to +4 whip of Lasoajei {speed, Str+2}.
 14482 | Lair:5   | 14482 ||| SWAPPING to +3 war axe "Cyab" {freeze, Str+6}.
 14568 | Lair:5   | 14568 ||| INVOKING Heroism.
 14569 | Lair:5   | 14569 ||| INVOKING Finesse.
 14633 | Lair:5   | Reached skill level 12 in Fighting
 14733 | Lair:5   | Found a staircase to the Slime Pits.
 14734 | Lair:5   | Found a viscous altar of Jiyva.
 14831 | Lair:5   | 14831 ||| INVOKING Heroism.
 15187 | Lair:5   | 15187 ||| PLANNING D:1-11
 15187 | Lair:5   | 15187 ||| UPGRADING to amulet of regeneration.
 15192 | Lair:5   | 15192 ||| READING scroll labelled LUHIKHL BUWAIL.
 15193 | Lair:5   | 15193 ||| READING 7 scrolls of identify.
 15193 | Lair:5   | 15193 ||| IDENTIFYING sedimented coppery potion
 15194 | Lair:5   | 15194 ||| DROPPING potion of invisibility.
 15321 | D:11     | 15321 ||| PLANNING GAUNTLET
 15358 | D:11     | 15358 ||| Stepping ~*~*~tactically~*~*~ (stealth).
 15418 | D:11     | Found a gate leading to a gauntlet.
 15423 | Gauntlet | Entered a Gauntlet
 15423 | Gauntlet | Found a transporter.
 15423 | Gauntlet | Found a transporter.
 15434 | Gauntlet | Found a transporter.
 15439 | Gauntlet | Found a transporter.
 15449 | Gauntlet | Found a transporter.
 15451 | Gauntlet | Found a transporter.
 15459 | Gauntlet | Found a transporter.
 15478 | Gauntlet | Found a transporter.
 15496 | Gauntlet | Found a transporter.
 15501 | Gauntlet | Found a transporter.
 15510 | Gauntlet | Found a transporter.
 15514 | Gauntlet | Found a transporter.
 15575 | Gauntlet | 15575 ||| DROPPING +4 whip of Lasoajei {speed, Str+2}.
 15580 | Gauntlet | 15580 ||| Stepping randomly (stuck).
 15592 | Gauntlet | Found a runed translucent door.
 15612 | Gauntlet | 15612 ||| Stepping ~*~*~tactically~*~*~ (cloud).
 15636 | Gauntlet | 15636 ||| INVOKING Heroism.
 15652 | Gauntlet | Identified the ring "Feut" {rElec rN+ Int-3 Dex+3}
 15656 | Gauntlet | 15656 ||| DROPPING ring "Feut" {rElec rN+ Int-3 Dex+3}.
 15688 | Gauntlet | Identified the +6 great mace of Disembowelment {antimagic,
                  | rElec rPois rC- Will++}
 15688 | Gauntlet | Identified the +4 ring mail of the Resonant Slug {rPois}
 15689 | Gauntlet | 15689 ||| INVOKING Heroism.
 15690 | Gauntlet | 15690 ||| INVOKING Finesse.
 15762 | Gauntlet | Identified the +0 ring mail "Omaxymn" {Int+7 Slay+5 Stlth-}
 15764 | Gauntlet | 15764 ||| UPGRADING to +2 kite shield of reflection.
 15774 | Gauntlet | 15774 ||| DROPPING +0 buckler.
 15775 | Gauntlet | 15775 ||| DROPPING +1 pair of gloves of strength.
 15779 | D:11     | 15779 ||| PLANNING D:1-11
 15836 | D:11     | 15836 ||| Stepping ~*~*~tactically~*~*~ (stealth).
 15979 | D:11     | 15979 ||| Stepping ~*~*~tactically~*~*~ (hiding).
 15984 | D:11     | 15984 ||| INVOKING Heroism.
 16100 | D:11     | 16100 ||| INVOKING Heroism.
 16178 | D:11     | 16178 ||| INVOKING Heroism.
 16179 | D:11     | 16179 ||| INVOKING Finesse.
 16306 | D:11     | 16306 ||| INVOKING Heroism.
 16307 | D:11     | Noticed Fannar
 16308 | D:11     | 16308 ||| Stepping ~*~*~tactically~*~*~ (stealth).
 16309 | D:11     | 16309 ||| Stepping ~*~*~tactically~*~*~ (stealth).
 16327 | D:11     | 16327 ||| Stepping ~*~*~tactically~*~*~ (hiding).
 16332 | D:11     | 16332 ||| Stepping ~*~*~tactically~*~*~ (stealth).
 16335 | D:11     | 16335 ||| Stepping ~*~*~tactically~*~*~ (stealth).
 16336 | D:11     | 16336 ||| Stepping ~*~*~tactically~*~*~ (stealth).
 16337 | D:11     | 16337 ||| Stepping ~*~*~tactically~*~*~ (stealth).
 16338 | D:11     | 16338 ||| Stepping ~*~*~tactically~*~*~ (stealth).
 16339 | D:11     | 16339 ||| Stepping ~*~*~tactically~*~*~ (stealth).
 16340 | D:11     | 16340 ||| Stepping ~*~*~tactically~*~*~ (stealth).
 16341 | D:11     | 16341 ||| Stepping ~*~*~tactically~*~*~ (stealth).
 16348 | D:11     | Killed Fannar
 16446 | D:11     | 16446 ||| INVOKING Heroism.
 16487 | D:11     | 16487 ||| Stepping ~*~*~tactically~*~*~ (stealth).
 16494 | D:11     | 16494 ||| Stepping ~*~*~tactically~*~*~ (hiding).
 16495 | D:11     | 16495 ||| Stepping ~*~*~tactically~*~*~ (hiding).
 16496 | D:11     | 16496 ||| Stepping ~*~*~tactically~*~*~ (hiding).
 16498 | D:11     | 16498 ||| Stepping ~*~*~tactically~*~*~ (hiding).
 16499 | D:11     | 16499 ||| Stepping ~*~*~tactically~*~*~ (hiding).
 16503 | D:11     | 16503 ||| INVOKING Heroism.
 16507 | D:11     | 16507 ||| Stepping ~*~*~tactically~*~*~ (hiding).
 16508 | D:11     | 16508 ||| Stepping ~*~*~tactically~*~*~ (hiding).
 16934 | D:11     | Reached skill level 9 in Shields
 16940 | D:11     | 16940 ||| PLANNING D
 16940 | D:11     | 16940 ||| DROPPING ring of magical power.
 17027 | D:12     | 17027 ||| PLANNING BAZAAR
 17060 | D:12     | 17060 ||| FLEEEEING.
 17061 | D:12     | 17061 ||| FLEEEEING.
 17085 | D:12     | Noticed Sonja
 17087 | D:12     | 17087 ||| INVOKING Finesse.
 17102 | D:12     | Killed Sonja
 17162 | D:12     | Noticed Nergalle
 17178 | D:12     | Killed Nergalle
 17222 | D:12     | Identified the +4 battleaxe of the Radish {vorpal, SInv}
                  | (Okawaru gifted it to you on level 12 of the Dungeon)
 17222 | D:12     | Received a gift from Okawaru
 17371 | D:12     | 17371 ||| FLEEEEING.
 17372 | D:12     | 17372 ||| FLEEEEING.
 17373 | D:12     | 17373 ||| FLEEEEING.
 17374 | D:12     | 17374 ||| FLEEEEING.
 17375 | D:12     | 17375 ||| FLEEEEING.
 17376 | D:12     | 17376 ||| FLEEEEING.
 17377 | D:12     | 17377 ||| FLEEEEING.
 17378 | D:12     | 17378 ||| FLEEEEING.
 17379 | D:12     | 17379 ||| FLEEEEING.
 17380 | D:12     | 17380 ||| FLEEEEING.
 17381 | D:12     | 17381 ||| FLEEEEING.
 17382 | D:12     | 17382 ||| FLEEEEING.
 17383 | D:12     | 17383 ||| FLEEEEING.
 17415 | D:12     | Found a flickering gateway to a bazaar.
 17416 | D:12     | 17416 ||| DROPPING ring of willpower.
 17426 | Bazaar   | Entered a bazaar
 17427 | Bazaar   | Found Nicokeise's Armour Shop.
 17427 | Bazaar   | Found Kifisode's Armour Boutique.
 17428 | Bazaar   | Found Luosapp's Jewellery Emporium.
 17445 | Bazaar   | 17445 ||| BUYING amulet of Makkodwa {Spirit rF+ Regen+
                  | rCorr Int-4} (370 gold).
 17445 | Bazaar   | Bought the amulet of Makkodwa {Spirit rF+ Regen+ rCorr
                  | Int-4} for 370 gold pieces
 17445 | Bazaar   | 17445 ||| BUYING ring of protection from cold (225 gold).
 17445 | Bazaar   | Bought a ring of protection from cold for 225 gold pieces
 17459 | Bazaar   | Found Vuqadura's Antique Armour Emporium.
 17467 | Bazaar   | 17467 ||| BUYING glowing scarf (176 gold).
 17467 | Bazaar   | Bought a glowing scarf for 176 gold pieces
 17467 | Bazaar   | 17467 ||| UPGRADING to scarf of resistance.
 17472 | Bazaar   | 17472 ||| DROPPING ring of ice.
 17484 | D:12     | 17484 ||| PLANNING D
 17590 | D:12     | 17590 ||| READING scroll of acquirement.
 17590 | D:12     | 17590 ||| ACQUIRING amulet of Lilacs {Reflect Rampage SH+5}
 17590 | D:12     | Acquired the amulet of Lilacs {Reflect Rampage SH+5}
 17720 | D:12     | 17720 ||| READING scroll of acquirement.
 17720 | D:12     | 17720 ||| ACQUIRING 654 gold pieces
 17720 | D:12     | Acquired 654 gold pieces
 17961 | D:13     | 17961 ||| Stepping ~*~*~tactically~*~*~ (stealth).
 17963 | D:13     | 17963 ||| Stepping ~*~*~tactically~*~*~ (hiding).
 17967 | D:13     | 17967 ||| INVOKING Heroism.
 17980 | D:13     | 17980 ||| READING 5 scrolls of teleportation.
 18039 | D:13     | 18039 ||| Stepping ~*~*~tactically~*~*~ (hiding).
 18041 | D:13     | 18041 ||| Stepping ~*~*~tactically~*~*~ (hiding).
 18042 | D:13     | 18042 ||| Stepping ~*~*~tactically~*~*~ (hiding).
 18043 | D:13     | 18043 ||| Stepping ~*~*~tactically~*~*~ (hiding).
 18061 | D:13     | 18061 ||| Stepping ~*~*~tactically~*~*~ (stealth).
 18075 | D:13     | 18075 ||| Stepping ~*~*~tactically~*~*~ (stealth).
 18103 | D:13     | 18103 ||| Stepping ~*~*~tactically~*~*~ (stealth).
 18128 | D:13     | 18128 ||| Stepping ~*~*~tactically~*~*~ (stealth).
 18129 | D:13     | Noticed Josephine
 18130 | D:13     | 18130 ||| Stepping ~*~*~tactically~*~*~ (hiding).
 18132 | D:13     | 18132 ||| Stepping ~*~*~tactically~*~*~ (hiding).
 18150 | D:13     | Killed Josephine
 18151 | D:13     | Reached XP level 15. HP: 95/96 MP: 22/22
 18160 | D:13     | 18160 ||| Stepping ~*~*~tactically~*~*~ (stealth).
 18217 | D:13     | 18217 ||| INVOKING Heroism.
 18227 | D:13     | 18227 ||| Stepping randomly (disturbance).
 18445 | D:13     | Noticed Jorgrun
 18446 | D:13     | 18446 ||| Stepping ~*~*~tactically~*~*~ (hiding).
 18453 | D:13     | 18453 ||| INVOKING Heroism.
 18454 | D:13     | 18454 ||| INVOKING Finesse.
 18471 | D:13     | Killed Jorgrun
 18472 | D:13     | Reached skill level 12 in Shields
 18808 | D:13     | 18808 ||| READING scroll of enchant armour.
 18808 | D:13     | 18808 ||| ENCHANTING +0 pair of boots.
 18953 | D:14     | 18953 ||| Stepping ~*~*~tactically~*~*~ (hiding).
 18979 | D:14     | 18979 ||| Stepping ~*~*~tactically~*~*~ (stealth).
 18986 | D:14     | 18986 ||| Stepping ~*~*~tactically~*~*~ (stealth).
 19002 | D:14     | 19002 ||| Stepping ~*~*~tactically~*~*~ (stealth).
 19006 | D:14     | 19006 ||| INVOKING Heroism.
 19015 | D:14     | Received a gift from Okawaru
 19049 | D:14     | Found a portal to a secret trove of treasure.
 19058 | D:14     | Noticed Frances
 19059 | D:14     | 19059 ||| Stepping ~*~*~tactically~*~*~ (hiding).
 19061 | D:14     | 19061 ||| INVOKING Heroism.
 19062 | D:14     | 19062 ||| INVOKING Finesse.
 19071 | D:14     | Killed Frances
 19072 | D:14     | Reached skill level 6 in Throwing
 19150 | D:14     | 19150 ||| INVOKING Heroism.
 19198 | D:14     | 19198 ||| INVOKING Heroism.
 19224 | D:14     | Found a gate to the Vaults.
 19242 | Abyss:2  | Cast into level 2 of the Abyss (a wizard)
 19263 | Abyss:2  | 19263 ||| Stepping ~*~*~tactically~*~*~ (stealth).
 19271 | Abyss:2  | 19271 ||| INVOKING Heroism.
 19303 | Abyss:2  | 19303 ||| Stepping ~*~*~tactically~*~*~ (stealth).
 19309 | Abyss:2  | Noticed an Executioner
 19316 | Abyss:2  | Killed an Executioner
 19361 | Abyss:2  | 19361 ||| Stepping ~*~*~tactically~*~*~ (stealth).
 19362 | Abyss:2  | 19362 ||| Stepping ~*~*~tactically~*~*~ (stealth).
 19411 | Abyss:2  | Reached skill level 16 in Axes
 19414 | Abyss:2  | 19414 ||| Stepping ~*~*~tactically~*~*~ (stealth).
 19416 | Abyss:2  | 19416 ||| Stepping ~*~*~tactically~*~*~ (stealth).
 19427 | Abyss:2  | 19427 ||| Stepping ~*~*~tactically~*~*~ (hiding).
 19431 | Abyss:2  | 19431 ||| INVOKING Heroism.
 19432 | Abyss:2  | Received a gift from Okawaru
 19452 | Abyss:2  | 19452 ||| Stepping ~*~*~tactically~*~*~ (hiding).
 19463 | Abyss:2  | 19463 ||| Stepping ~*~*~tactically~*~*~ (stealth).
 19464 | Abyss:2  | 19464 ||| Stepping ~*~*~tactically~*~*~ (stealth).
 19466 | Abyss:2  | 19466 ||| Stepping ~*~*~tactically~*~*~ (stealth).
 19469 | Abyss:2  | 19469 ||| Stepping ~*~*~tactically~*~*~ (stealth).
 19480 | Abyss:2  | 19480 ||| Stepping ~*~*~tactically~*~*~ (hiding).
 19483 | Abyss:2  | 19483 ||| INVOKING Heroism.
 19484 | Abyss:2  | 19484 ||| Stepping ~*~*~tactically~*~*~ (hiding).
 19497 | Abyss:2  | 19497 ||| Stepping ~*~*~tactically~*~*~ (stealth).
 19527 | Abyss:2  | 19527 ||| Stepping ~*~*~tactically~*~*~ (stealth).
 19558 | Abyss:2  | 19558 ||| Stepping ~*~*~tactically~*~*~ (hiding).
 19560 | Abyss:2  | 19560 ||| INVOKING Heroism.
 19577 | Abyss:2  | 19577 ||| Stepping ~*~*~tactically~*~*~ (stealth).
 19585 | Abyss:2  | 19585 ||| Stepping ~*~*~tactically~*~*~ (stealth).
 19587 | Abyss:2  | 19587 ||| Stepping ~*~*~tactically~*~*~ (stealth).
 19592 | Abyss:2  | 19592 ||| Stepping ~*~*~tactically~*~*~ (stealth).
 19606 | Abyss:2  | Noticed a tentacled starspawn
 19607 | Abyss:2  | 19607 ||| Stepping ~*~*~tactically~*~*~ (stealth).
 19608 | Abyss:2  | 19608 ||| Stepping ~*~*~tactically~*~*~ (stealth).
 19612 | Abyss:2  | 19612 ||| INVOKING Heroism.
 19615 | Abyss:2  | Killed a tentacled starspawn
 19628 | Abyss:2  | 19628 ||| Stepping ~*~*~tactically~*~*~ (hiding).
 19633 | Abyss:2  | 19633 ||| Stepping ~*~*~tactically~*~*~ (hiding).
 19637 | Abyss:2  | Received a gift from Okawaru
 19652 | Abyss:2  | 19652 ||| Stepping ~*~*~tactically~*~*~ (stealth).
 19716 | Abyss:2  | Noticed a tentacled starspawn
 19718 | Abyss:2  | 19718 ||| Stepping ~*~*~tactically~*~*~ (hiding).
 19720 | Abyss:2  | 19720 ||| Stepping ~*~*~tactically~*~*~ (hiding).
 19722 | Abyss:2  | 19722 ||| Stepping ~*~*~tactically~*~*~ (hiding).
 19725 | Abyss:2  | 19725 ||| INVOKING Heroism.
 19730 | Abyss:2  | Killed a tentacled starspawn
 19738 | Abyss:2  | 19738 ||| Stepping ~*~*~tactically~*~*~ (stealth).
 19769 | Abyss:2  | Noticed a tentacled monstrosity
 19770 | Abyss:2  | 19770 ||| Stepping ~*~*~tactically~*~*~ (stealth).
 19772 | Abyss:2  | 19772 ||| Stepping ~*~*~tactically~*~*~ (stealth).
 19774 | Abyss:2  | 19774 ||| Stepping ~*~*~tactically~*~*~ (hiding).
 19776 | Abyss:2  | 19776 ||| INVOKING Heroism.
 19777 | Abyss:2  | 19777 ||| INVOKING Finesse.
 19788 | Abyss:2  | Killed a tentacled monstrosity
 19791 | D:14     | Escaped the Abyss
 19924 | D:14     | 19924 ||| SWAPPING to +0 broad axe of flaming.
 19925 | D:14     | 19925 ||| DROPPING +3 war axe "Cyab" {freeze, Str+6}.
 19926 | D:14     | 19926 ||| DROPPING +3 war axe of flaming.
 19927 | D:14     | 19927 ||| READING scroll of enchant weapon.
 19927 | D:14     | 19927 ||| ENCHANTING +0 broad axe of flaming.
 20036 | D:14     | 20036 ||| INVOKING Heroism.
 20037 | D:14     | 20037 ||| INVOKING Finesse.
 20175 | D:14     | Identified the +1 scale mail of the Shoals {Fly Regen+}
 20239 | D:14     | 20239 ||| Stepping ~*~*~tactically~*~*~ (stealth).
 20243 | D:14     | 20243 ||| INVOKING Heroism.
 20668 | D:14     | Reached XP level 16. HP: 101/101 MP: 23/23
 20704 | D:14     | 20704 ||| UPGRADING to +0 tower shield.
 20714 | D:14     | 20714 ||| DROPPING +2 kite shield of reflection.
 20715 | D:14     | 20715 ||| DROPPING amulet of the acrobat.
 20716 | D:14     | 20716 ||| UPGRADING to amulet of Lilacs {Reflect Rampage
                  | SH+5}.
 20726 | D:14     | 20726 ||| DROPPING amulet of regeneration.
 20763 | D:15     | Entered Level 15 of the Dungeon
 20764 | D:15     | 20764 ||| STAIRDANCE
 20821 | D:15     | 20821 ||| INVOKING Heroism.
 20919 | D:15     | 20919 ||| Stepping ~*~*~tactically~*~*~ (hiding).
 20982 | D:15     | Noticed Kirke
 20983 | D:15     | 20983 ||| INVOKING Heroism.
 20984 | D:15     | 20984 ||| INVOKING Finesse.
 20985 | D:15     | 20985 ||| Stepping ~*~*~tactically~*~*~ (stealth).
 20997 | D:15     | Killed Kirke
 21131 | D:15     | 21131 ||| INVOKING Heroism.
 21137 | D:15     | Identified the +1 scale mail "Haikh" {Rampage Str-2 Int+4}
                  | (Okawaru gifted it to you on level 15 of the Dungeon)
 21137 | D:15     | Received a gift from Okawaru
 21284 | D:15     | 21284 ||| INVOKING Heroism.
 21475 | D:15     | 21475 ||| Stepping ~*~*~tactically~*~*~ (hiding).
 21476 | D:15     | 21476 ||| Stepping ~*~*~tactically~*~*~ (hiding).
 21610 | D:15     | 21610 ||| Stepping ~*~*~tactically~*~*~ (stealth).
 21641 | D:15     | Reached skill level 15 in Shields
 21655 | D:15     | 21655 ||| Stepping ~*~*~tactically~*~*~ (stealth).
 21673 | D:15     | 21673 ||| Stepping ~*~*~tactically~*~*~ (stealth).
 21674 | D:15     | 21674 ||| Stepping ~*~*~tactically~*~*~ (stealth).
 21675 | D:15     | 21675 ||| Stepping ~*~*~tactically~*~*~ (stealth).
 21704 | D:15     | 21704 ||| Stepping ~*~*~tactically~*~*~ (stealth).
 21705 | D:15     | 21705 ||| Stepping ~*~*~tactically~*~*~ (stealth).
 21747 | D:15     | Found a staircase to the Depths.
 21999 | D:15     | 21999 ||| PLANNING ORC
 21999 | D:15     | 21999 ||| DRINKING 2 bubbling emerald potions.
 22104 | D:15     | 22104 ||| DROPPING potion of berserk rage.
 22236 | Orc:1    | Entered Level 1 of the Orcish Mines
 22236 | Orc:1    | Found Hyodol's Armour Boutique.
 22343 | Orc:1    | 22343 ||| DRINKING 11 potions of curing.
 22343 | Orc:1    | 22343 ||| (to cure confusion)
 22409 | Orc:1    | 22409 ||| Stepping ~*~*~tactically~*~*~ (hiding).
 22411 | Orc:1    | 22411 ||| INVOKING Heroism.
 22560 | Orc:1    | 22560 ||| INVOKING Heroism.
 22824 | Orc:2    | Entered Level 2 of the Orcish Mines
 22827 | Orc:2    | 22827 ||| INVOKING Heroism.
 22885 | Orc:2    | 22885 ||| INVOKING Heroism.
 23011 | Orc:2    | Found a staircase to the Elven Halls.
 23052 | Orc:2    | 23052 ||| Stepping ~*~*~tactically~*~*~ (stealth).
 23053 | Orc:2    | 23053 ||| Stepping ~*~*~tactically~*~*~ (stealth).
 23054 | Orc:2    | 23054 ||| INVOKING Heroism.
 23075 | Orc:2    | 23075 ||| INVOKING Finesse.
 23085 | Orc:2    | 23085 ||| INVOKING Heroism.
 23085 | Orc:2    | HP: 24/101 [sun demon[an orc high priest] (9)]
 23085 | Orc:2    | HP: 10/101 [orc priest/divine providence (14)]
 23085 | Orc:2    | Killed from afar by an orc high priest

Levels and vault maps discovered:
D:1:      amcnicky_arrival_double_pillar, layout_basic, serial_shops, shop
D:2:      layout_loops_ring, ebering_ecumenical_altar_hall, serial_shops,
          nicolae_diamond_shop, shop_statue, nicolae_shop_behind_doors,
          kennysheep_small_spiral
D:3:      layout_basic, lemuel_round_altar
D:4:      minmay_chambers_of_twos, layout_basic, lemuel_doored_altar,
          nicolae_elyvilon_peaceful_grove
D:5:      layout_basic, minmay_misc_feat_alley, kennysheep_generic_room_3
D:6:      layout_loops_corners, lemuel_tele_altar, serial_shops,
          nicolae_shop_statue_plus, uniq_prince_ribbit1, uniq_blork_the_orc,
          uniq_crazy_yiuf_cottage, uniq_eustachio
D:7:      layout_basic, minmay_temple_entry_statues_fountains
D:8:      layout_basic, lemuel_coloured_pillars_altar
D:9:      layout_stronghold, uniq_psyche, uniq_joseph
D:10:     lemuel_ice_spiral_2, layout_irregular_city,
          mainiacjoe_overflow_catwalk, grunt_lair_entry_orc_guard_hut,
          orc_0_dummy
D:11:     kennysheep_seaside_town, layout_loops_corners, gauntlet_entry_generic,
          uniq_fannar
D:12:     layout_irregular_city, serial_shops, bzr_entry_gold, uniq_nergalle,
          uniq_sonja
D:13:     layout_basic, minmay_fractal_squares_diagonal_5, uniq_jorgrun,
          uniq_josephine
D:14:     statuecave_lemuel, layout_loops_ring, grunt_vaults_entry_tiered,
          hangedman_abyss_or_decor_lesser_grid, enter_trove_2,
          grunt_ministairs_4, hive_lemuel, uniq_frances
D:15:     grunt_enter_depths_magical_seal, layout_stronghold, uniq_kirke
Temple:   eino_temple_rhombus
Lair:1:   layout_small_grid, chequers_serial_rivers_room_b,
          nicolae_quartered_pool_super, patterned_corridor
Lair:2:   layout_small_grid, swamp_mist, ebering_ghost_rock_garden
Lair:3:   layout_loops_ring, guppyfry_snake_entry_garden,
          grunt_forest_large_clearings, serial_bayou_shore_b
Lair:4:   layout_regular_city, gammafunk_ghost_icy, grunt_forest_small_clearings
Lair:5:   hellmonk_lair_end_abyssal_woods, layout_regular_city,
          minmay_slime_entry_pillars, grunt_megastairs_1
Orc:1:    layout_caves, basic_altar, serial_shops, shop_statue,
          nicolae_orc_damp_corner
Orc:2:    st_orc_congregation, layout_diamond_mine,
          nicolae_volcano_entry_lava_flow, kennysheep_orc_sif_temple

Skill      XL: |  1  2  3  4  5  6  7  8  9 10 11 12 13 14 15 16 |
---------------+-------------------------------------------------+-----
Axes           | 2 3 4 5 7 8 9 10 12 13 15 16 | 16.4
Throwing       | 1 2 3 4 5 7 |  7.2
Fighting       | 4 5 7 8 9 10 11 12 | 12.1
Armour         | 4 5 6 7 8 9 10 11 | 11.0
Dodging        | 1 2 3 |  3.0
Shields        | 4 5 6 7 11 13 15 | 15.5
Invocations    | 2 4 8 10 | 10.0

Action                   |  1- 3 |  4- 6 |  7- 9 | 10-12 | 13-15 | 16-18 || total
-------------------------+-------+-------+-------+-------+-------+-------++-------
Melee: War axe           |   130 |   137 |   184 |   426 |   948 |       ||  1825
       Whip              |       |       |       |    14 |    16 |       ||    30
       Broad axe         |       |       |       |       |    57 |   261 ||   318
Throw: Javelin           |       |    16 |    24 |    38 |   144 |    26 ||   248
       Boomerang         |       |       |     7 |    67 |    84 |     6 ||   164
Invok: Heroism           |       |       |     1 |    23 |    41 |    10 ||    75
       Finesse           |       |       |       |     4 |    14 |     1 ||    19
  Use: Scroll            |     7 |     8 |     5 |     2 |    13 |       ||    35
       Potion            |     3 |     1 |     1 |       |     2 |     2 ||     9
 Stab: Distracted        |       |       |       |       |     1 |       ||     1
Armor: Scale mail        |    63 |    10 |       |       |       |       ||    73
       Plate armour      |       |    82 |   132 |   200 |   350 |    82 ||   846
       Skin              |       |       |     5 |       |       |       ||     5
Dodge: Dodged            |    58 |    45 |   104 |   220 |   300 |    57 ||   784
Block: Buckler           |    28 |    30 |    54 |    96 |    74 |       ||   282
       Kite shield       |       |       |       |       |   254 |       ||   254
       Reflection        |       |       |       |       |    14 |    10 ||    24
       Tower shield      |       |       |       |       |       |   213 ||   213

Table legend:
 A = Non-vault XP
 B = Vault XP
 C = Vault XP percentage of total XP
 D = Non-vault monster count
 E = Vault monster count
 F = Vault count percentage of total count
                 A         B        C        D         E       F
            +---------+---------+-------+---------+---------+-------
      Total |  104205 |   49442 |  32.2 |     506 |     211 |  29.4
            +---------+---------+-------+---------+---------+-------
        D:1 |      19 |       0 |   0.0 |      11 |       0 |   0.0
        D:2 |      30 |       0 |   0.0 |      14 |       0 |   0.0
        D:3 |      54 |       0 |   0.0 |      17 |       0 |   0.0
        D:4 |     150 |      68 |  31.2 |      17 |       8 |  32.0
        D:5 |     648 |      81 |  11.1 |      18 |       1 |   5.3
        D:6 |     907 |     515 |  36.2 |      15 |       3 |  16.7
        D:7 |    1101 |       0 |   0.0 |      26 |       0 |   0.0
        D:8 |     498 |       0 |   0.0 |       7 |       0 |   0.0
        D:9 |    3207 |     834 |  20.6 |      29 |       2 |   6.5
       D:10 |    3103 |     629 |  16.9 |      21 |       6 |  22.2
       D:11 |    4058 |    2372 |  36.9 |      29 |      25 |  46.3
       D:12 |    5324 |    1219 |  18.6 |      17 |       2 |  10.5
       D:13 |    3664 |    5138 |  58.4 |      21 |      10 |  32.3
       D:14 |    8939 |   10406 |  53.8 |      27 |      29 |  51.8
       D:15 |   12391 |    6569 |  34.6 |      22 |      13 |  37.1
     Lair:1 |    8840 |       0 |   0.0 |      36 |       0 |   0.0
     Lair:2 |    3759 |       0 |   0.0 |      16 |       0 |   0.0
     Lair:3 |    7758 |    4177 |  35.0 |      31 |      34 |  52.3
     Lair:4 |    7528 |       0 |   0.0 |      25 |       0 |   0.0
     Lair:5 |    9886 |   12977 |  56.8 |      24 |      44 |  64.7
      Orc:1 |    2023 |       0 |   0.0 |      28 |       0 |   0.0
      Orc:2 |    1266 |    1371 |  52.0 |      16 |      22 |  57.9
    Abyss:2 |   19052 |       0 |   0.0 |      39 |       0 |   0.0
   Gauntlet |       0 |    3086 | 100.0 |       0 |      12 | 100.0
            +---------+---------+-------+---------+---------+-------
